Selects Australian Defense Battlegroup
Selects Australian Light Infantry Section
Australian Light Infantry Section
Construct Section Command Post
Australian Light Infantry Section
Selects 2-pounder Anti-tank Gun Team
2-pounder Anti-tank Gun Team
Construct Platoon Command Post
2-pounder Anti-tank Gun Team
Selects CMP 15cwt Supply Run
Selects Reinforced Resource Caches
Australian Light Infantry Section
Unlock Bishop Self-propelled Artillery
Bishop Self-propelled Artillery
Selects Archer Tank Destroyer
Selects Vehicle Over Repair
Australian Light Infantry Section
Australian Light Infantry Section